 Dungeon Crawl Stone Soup version 0.27.1-37-g7b29ead8ac (webtiles) character file.

Game seed: 6296159959365007618

336 tkbsonic5 the Magician (level 6, 0/30 HPs)
             Began as a Spriggan Conjurer on Oct 23, 2023.
             Slain by Duvessa (8 damage)
             ... on level 4 of the Dungeon.
             The game lasted 00:11:08 (3600 turns).

tkbsonic5 the Magician (Spriggan Conjurer)          Turns: 3600, Time: 00:11:08

Health: 0/30       AC:  3    Str:  3    XL:     6   Next: 28%
Magic:  11/14      EV: 17    Int: 22    God:
Gold:   137        SH:  0    Dex: 13    Spells: 12/15 levels left

rFire    . . .     SeeInvis +   b - +2 rapier (venom)
rCold    . . .     Faith    .   (shield restricted)
rNeg     . . .     Spirit   .   a - +1 robe
rPois    .         Reflect  .   (helmet restricted)
rElec    .         Harm     .   (no cloak)
rCorr    .         Rampage  .   (gloves unavailable)
Will     +....                  (boots unavailable)
Stlth    +++.......             (no amulet)
HPRegen  0.10/turn              (no ring)
MPRegen  0.14/turn              (no ring)

@: on berserk cooldown, slowed, quick
A: very small, no large weapons, unfitting armour, see invisible, speed 3
a: no special abilities


You were on level 4 of the Dungeon.
You visited 1 branch of the dungeon, and saw 4 of its levels.

You collected 137 gold pieces.

Inventory:

Hand Weapons
 b - a +2 rapier of venom (weapon)
 d - a +0 vorpal dagger
 g - a +2 short sword of venom
 i - a +0 hunting sling
 o - a +2 dagger of speed
Armour
 a - a +1 robe (worn)
Wands
 j - a wand of iceblast (15)
Scrolls
 e - a scroll of fear
 k - 2 scrolls of brand weapon
 m - 2 scrolls of magic mapping
 n - a scroll of identify
Potions
 c - 2 potions of berserk rage
 f - a potion of haste
 h - a potion of lignification {unknown}
 l - a potion of curing {unknown}


   Skills:
 * Level 1.0 Fighting
 + Level 1.1 Short Blades
 * Level 3.7 Dodging
 + Level 4.4 Stealth
 * Level 5.1 Spellcasting
 * Level 4.0 Conjurations
 + Level 1.1 Evocations


You had 12 spell levels left.
You knew the following spells:

 Your Spells              Type           Power      Damage    Failure   Level
a - Magic Dart            Conj           92%        1d7       1%          1
b - Searing Ray           Conj           46%        3d4       2%          2

Your spell library contained the following spells:

 Spells                   Type           Power      Damage    Failure   Level
 Freeze                   Ice            20%        1d4       10%         1
 Dazzling Flash           Conj/Hex       28%        N/A       13%         3
 Frozen Ramparts          Ice            10%        1d3       30%         3
 Fulminant Prism          Conj/Hex       7%         3d7       41%         4
 Hailstorm                Conj/Ice       14%        3d5       41%         4
 Iskenderun's Mystic Bla  Conj/Tloc      14%        2d5       41%         4


Dungeon Overview and Level Annotations

Branches:
Dungeon (4/15)
 Temple: D:4-7

Altars:

Annotations:
D:4 Duvessa


Innate Abilities, Weirdness & Mutations

You are very small and have problems with some larger weapons.
You are too small for most types of armour.
You have supernaturally acute eyesight. (SInv)
You cover ground extremely quickly. (Speed+++)


Message History

Dowan closely misses you.
The searing ray misses Dowan.
Duvessa shouts!
Dowan misses you.
The searing ray hits Dowan.
You kill Dowan!
Duvessa screams in rage.
Duvessa goes berserk!
Your Fighting skill increases to level 1!
A red film seems to cover your vision as you go berserk!
You feel yourself moving faster!
You feel mighty! Duvessa closely misses you. Duvessa misses you.
You barely miss Duvessa. Duvessa completely misses you.
You puncture Duvessa!
Duvessa is lightly wounded.
Duvessa barely misses you.
You hit Duvessa but do no damage.
Duvessa is poisoned.
Duvessa is lightly wounded.
Duvessa barely misses you.
You closely miss Duvessa.
Duvessa is lightly wounded.
Duvessa hits you with a +0 short sword!
You hit Duvessa.
Duvessa looks as sick as possible!
Duvessa is lightly wounded.
Duvessa hits you with a +0 short sword!
You hit Duvessa but do no damage.
Duvessa looks as sick as possible!
Duvessa is lightly wounded.
Duvessa barely misses you.
You barely miss Duvessa.
Duvessa is moderately wounded.
Duvessa hits you with a +0 short sword!
* * * LOW HITPOINT WARNING * * *
Duvessa rages.
You feel a strong urge to attack something.
There is a stone staircase leading up here.
You are no longer berserk.
You are exhausted.
You feel yourself slow down. Duvessa completely misses you.
Duvessa hits you with a +0 short sword!
You die...

###########
#..@......#
#...e...#...
#.....).+
#.......#
#.......#
#.......#
#########


You could see Duvessa (berserk, extremely poisoned).

Vanquished Creatures
  Dowan (D:4)
  An orc priest (D:3)
  A bullfrog skeleton (D:3)
  An iguana (D:2)
  2 orc wizards (D:3)
  A howler monkey skeleton (D:2)
  Robin (D:3)
  3 gnolls (D:2)
  2 adders (D:2)
  2 worms (D:2)
  2 orcs (D:3)
  7 endoplasms
  7 giant cockroaches
  4 hobgoblins
  7 quokkas
  7 ball pythons
  7 bats
  3 frilled lizards
  14 goblins
  5 kobolds
  3 rats
81 creatures vanquished.

Notes
Turn   | Place    | Note
-------+----------+-------------------------------------------
     0 | D:1      | tkbsonic5 the Spriggan Conjurer began the quest for the
                  | Orb.
     0 | D:1      | Reached XP level 1. HP: 9/9 MP: 5/5
   156 | D:1      | Reached skill level 3 in Spellcasting
   309 | D:1      | Reached XP level 2. HP: 13/13 MP: 5/7
   389 | D:1      | Learned a level 2 spell: Searing Ray
  1023 | D:2      | Reached XP level 3. HP: 16/16 MP: 3/9
  1025 | D:2      | Reached skill level 4 in Spellcasting
  1277 | D:2      | Reached XP level 4. HP: 21/21 MP: 11/11
  2499 | D:2      | Reached XP level 5. HP: 24/24 MP: 12/12
  2612 | D:2      | Found a faded altar of an unknown god.
  2877 | D:3      | Noticed Robin
  2885 | D:3      | Killed Robin
  3214 | D:3      | Reached skill level 1 in Short Blades
  3214 | D:3      | Reached skill level 5 in Spellcasting
  3214 | D:3      | Reached skill level 1 in Evocations
  3214 | D:3      | Reached XP level 6. HP: 28/29 MP: 7/14
  3583 | D:4      | Noticed Duvessa
  3583 | D:4      | Noticed Dowan
  3589 | D:4      | Killed Dowan
  3590 | D:4      | Reached skill level 1 in Fighting
  3600 | D:4      | Slain by Duvessa

Illustrated notes

Levels and vault maps discovered:
D:1:      lemuel_arrival_rhombus, layout_basic
D:2:      minmay_wonky_spiral, layout_loops_ring,
          shapermc_ecumenical_altar_mp_vishouse
D:3:      layout_basic, uniq_robin
D:4:      layout_gridville, minmay_temple_entry_overgrown,
          cheibrodos_sewer_entry_drain, serial_shops, shop, uniq_blork_the_orc,
          uniq_duvessa

Skill      XL: |  1  2  3  4  5  6 |
---------------+-------------------+-----
Conjurations   | 3 4 |  4.0
Spellcasting   | 3 4 5 |  5.1
Stealth        | 4 |  4.4
Dodging        | 3 |  3.7
Short Blades   | 1 |  1.1
Evocations     | 1 |  1.1
Fighting       | 1 |  1.0

Action                   |  1- 3 |  4- 6 || total
-------------------------+-------+-------++-------
Melee: Dagger            |     8 |     5 ||    13
       Short sword       |       |     5 ||     5
       Rapier            |       |    45 ||    45
 Cast: Magic Dart        |    35 |    10 ||    45
       Searing Ray       |     8 |    24 ||    32
  Use: Scroll            |     2 |     6 ||     8
       Potion            |       |     2 ||     2
 Stab: Sleeping          |     2 |     7 ||     9
Armor: Robe              |     2 |     5 ||     7
Dodge: Dodged            |    11 |    54 ||    65
